 Dungeon Crawl Stone Soup version 0.29-a0-2-g12fcac58f8 (webtiles) character file.

Game seed: 13789499763918965027

45 horus123 the Skirmisher (level 3, -5/30 HPs)
             Began as a Human Monk on Jan 26, 2022.
             Slain by a worm (6 damage)
             ... on level 2 of the Dungeon.
             The game lasted 00:01:51 (1798 turns).

horus123 the Skirmisher (Human Monk)                Turns: 1798, Time: 00:01:52

Health: -5/30      AC:  3    Str: 13    XL:     3   Next: 90%
Magic:  3/3        EV: 13    Int: 10    God:
Gold:   65         SH:  0    Dex: 15    Spells: 2/2 levels left

rFire   . . .      SeeInvis .   a - +1 mace
rCold   . . .      Faith    .   (no shield)
rNeg    . . .      Spirit   .   b - +1 robe
rPois   .          Reflect  .   (no helmet)
rElec   .          Harm     .   (no cloak)
rCorr   .          Rampage  .   (no gloves)
Will    .....                   (no boots)
Stlth   ++........              (no amulet)
HPRegen 0.10/turn               (no ring)
MPRegen 0.08/turn               (no ring)

@: no status effects
A: no striking features
a: no special abilities


You were on level 2 of the Dungeon.
You visited 1 branch of the dungeon, and saw 2 of its levels.

You collected 65 gold pieces.

Inventory:

Hand Weapons
 a - a +1 mace (weapon)
Armour
 b - a +1 robe (worn)
 d - a +0 plate armour
Scrolls
 e - a scroll of blinking
Potions
 c - a potion of resistance {unknown}
 f - a potion of haste {unknown}
 h - a potion of invisibility {unknown}


   Skills:
 - Level 4.0 Fighting
 + Level 3.6 Maces & Flails
 - Level 3.0 Dodging
 - Level 2.0 Stealth


You had 2 spell levels left.
You didn't know any spells.
Your spell library was empty.

Dungeon Overview and Level Annotations

Branches:
Dungeon (2/15)

Altars:
Qazlal

Shops:
D:1 *


Message History

An endoplasm comes into view.
The endoplasm quivers.
The worm misses you.
You barely miss the worm. The worm bites you but does no damage.
You hit the endoplasm but do no damage. The endoplasm freezes you.
You are frozen.
You hit the endoplasm but do no damage. The worm closely misses you.
The endoplasm barely misses you.
You hit the endoplasm.
The endoplasm is heavily wounded.
The endoplasm misses you. The worm barely misses you.
You hit the endoplasm.
You kill the endoplasm!
The worm barely misses you.
You hit the worm.
The worm is lightly wounded.
The worm bites you!
You hit the worm.
The worm is moderately wounded.
The worm barely misses you.
You hit the worm.
The worm is moderately wounded.
You sock the worm!
The worm is severely wounded.
The worm bites you!
You are too injured to fight recklessly!
You are too injured to fight recklessly!
You are too injured to fight recklessly!
You are too injured to fight recklessly!
You are too injured to fight recklessly!
The worm bites you!
* * * LOW HITPOINT WARNING * * *
You see here a scroll labelled UMMISE ISMININ.
You hit the worm.
The worm is severely wounded.
You barely miss the worm.
The worm is severely wounded.
The worm bites you.
You die...

#.# #.# ##.## #.# #.#
########.#.####.
##.####.####...)...........
...........................
#######....................
######.###..###.^####
###### #.# #..# .#
.......#####.###w.# #
######..........@.#
#.#........#.#
####...#...#.##...# #....#
###...##.### #.# #...#. #.#
#†####.#.###. ...
...........<. ...
.†......####. #.##
..#######


You could see a worm.

Vanquished Creatures
  An adder (D:2)
  A dart slug (D:2)
  6 endoplasms
  2 giant cockroaches (D:2)
  3 hobgoblins
  4 jackals (D:2)
  A quokka (D:2)
  4 ball pythons
  A bat (D:2)
  A goblin (D:1)
  3 kobolds
  3 rats (D:1)
30 creatures vanquished.

Notes
Turn   | Place    | Note
-------+----------+-------------------------------------------
     0 | D:1      | horus123 the Human Monk began the quest for the Orb.
     0 | D:1      | Reached XP level 1. HP: 18/18 MP: 1/1
   250 | D:1      | Reached XP level 2. HP: 7/24 MP: 2/2
   973 | D:1      | Found Ytaum's General Store.
  1481 | D:2      | Reached skill level 4 in Fighting
  1481 | D:2      | Reached XP level 3. HP: 29/30 MP: 3/3
  1550 | D:2      | Found a stormy altar of Qazlal.
  1796 | D:2      | HP: 1/30 [worm (9)]
  1798 | D:2      | Slain by a worm

Illustrated notes

Levels and vault maps discovered:
D:1:      dpeg_arrival_central, layout_loops_corners, serial_shops,
          nicolae_shop_hallway_plus
D:2:      layout_loops_ring, hellmonk_ecumenical_altar_defaced_shrine,
          basic_altar

Skill      XL: |  1  2 |
---------------+-------+-----
Fighting       | 4 |  4.0
Maces & Flails | |  3.6
Dodging        | |  3.0
Stealth        | |  2.0

Action                   || total
-------------------------++-------
Melee: Mace              ||   101
       Punch             ||     1
  Use: Scroll            ||     3
 Stab: Sleeping          ||     7
Armor: Robe              ||    11
Dodge: Dodged            ||    63

Table legend: (Time is in decaauts)
 A = Elapsed time spent in this place.
 B = Non-inter-level travel time spent in this place.
 C = Inter-level travel time spent in this place.
 D = Time resting spent in this place.
 E = Time spent auto-exploring this place.
 F = Levels seen in this place.
 G = Mean time per level.
                   A        B        C        D        E       F      G
               +--------+--------+--------+--------+--------+-----+--------+
         Total |   1821 |   1781 |     40 |    212 |   1310 |   2 |  910.5 |
       Dungeon |   1821 |   1781 |     40 |    212 |   1310 |   2 |  910.5 |
               +--------+--------+--------+--------+--------+-----+--------+

Top non-repeatable levels by time:
     D:1: 1474 daAuts
     D:2: 346 daAuts
